 Dungeon Crawl Stone Soup version 0.25-a0-632-g7713895373 (webtiles) character file.

Game seed: 4677929496429996370, levelgen mode: deterministic

139 mopl the Skirmisher (level 5, -1/57 HPs)
             Began as an Ogre Fighter on Mar 19, 2020.
             Killed from afar by an orc wizard (7 damage)
             ... with a puff of flame
             ... on level 3 of the Dungeon.
             The game lasted 00:03:11 (2738 turns).

mopl the Skirmisher (Ogre Fighter)                  Turns: 2738, Time: 00:03:11

Health: -1/57      AC:  3    Str: 20    XL:     5   Next: 22%
Magic:  5/5        EV:  8    Int: 11    God:
Gold:   93         SH:  8    Dex:  9    Spells: 4/4 levels left

rFire    . . .     SeeInvis .   a - +0 flail
rCold    . . .     Gourm    .   c - +0 kite shield
rNeg     . . .     Faith    .   b - +0 robe
rPois    .         Spirit   .   (helmet restricted)
rElec    .         Reflect  .   (no cloak)
rCorr    .         Harm     .   (gloves unavailable)
MR       .....                  (boots unavailable)
Stlth    +.........             o - amulet of magic regeneration
HPRegen  0.19/turn              m - +2 ring of intelligence
MPRegen  0.34/turn              (no ring)

@: no status effects
A: large, unfitting armour, tough skin 1
a: no special abilities


You were on level 3 of the Dungeon.
You were not hungry.

You visited 1 branch of the dungeon, and saw 3 of its levels.

You collected 93 gold pieces.

Inventory:

Hand Weapons
 a - a +0 flail (weapon)
Missiles
 e - 70 stones
 k - 17 poisoned darts (quivered)
 l - 8 curare-tipped darts
Armour
 b - a +0 robe (worn)
 c - a +0 kite shield (worn)
Jewellery
 m - a +2 ring of intelligence (left hand)
 o - an amulet of magic regeneration (around neck)
Wands
 q - a wand of paralysis (9)
Scrolls
 g - 3 scrolls of identify
 h - a scroll of magic mapping {unknown}
 i - a scroll of random uselessness {unknown}
 j - a scroll of remove curse {unknown}
Potions
 d - 2 potions of might
 n - a potion of flight
Comestibles
 f - 9 rations
 p - a chunk of flesh


   Skills:
 + Level 5.0 Fighting
 * Level 3.5 Maces & Flails
 + Level 2.2 Throwing
 - Level 2.6 Dodging
 - Level 2.6 Shields


You had 4 spell levels left.
You didn't know any spells.
Your spell library contained the following spells:

 Spells                   Type           Power        Failure   Level  Hunger
 Summon Small Mammal      Summ           #...         80%         1    ##.....
 Call Imp                 Summ           #.......     91%         2    ###....
 Call Canine Familiar     Summ           #.......     99%         3    ####...
 Summon Guardian Golem    Hex/Summ       #.......     99%         3    ####...
 Summon Ice Beast         Ice/Summ       #.......     100%        4    #####..
 Summon Lightning Spire   Summ/Air       #.......     100%        4    #####..


Dungeon Overview and Level Annotations

Branches:
Dungeon (3/15)

Altars:
Cheibriados
Xom


Innate Abilities, Weirdness & Mutations

You are too large for most types of armour.
You have tough skin. (AC +1)


Message History

You closely miss something.
You hear some strange, mumbled words.
A puff of flame appears from out of thin air!
The puff of flame hits something.
Reactivating autopickup.
You feel a bit more experienced. You block something's attack.
Deactivating autopickup; reactivate with Ctrl-A.
Things that are here:
a +0 dagger; a +0 robe You closely miss something.
You hear some strange, mumbled words.
A magic dart appears from out of thin air!
The magic dart hits you.
* * * LOW HITPOINT WARNING * * *
You miss something.
You hear some strange, mumbled words.
A puff of flame appears from out of thin air!
The puff of flame hits you!
You die...

# #................ #
#.##............#
###.##........###.#
..............# .#
#####.####.##.###. #
#.............# #
#......#.#.##.#
####..###...#.##.# #
......# #..##.##@# .###.
####..# #..##.##{###......
## #..###.......o.........
>###..........##..........
...÷.......#..###.####...#
.###†####.##..# .#.. ..#
## ...# #.##..#.# #.# # #
.....##< ....# #..
#.....###....#. #.#


You could see an orc.

Vanquished Creatures
  A worker ant (D:2)
  2 adders (D:2)
  An ooze (D:1)
  4 dart slugs
  4 leopard geckos
  An orc (D:3)
  3 giant cockroaches
  7 goblins
  7 hobgoblins
  5 jackals
  9 kobolds
  A quokka (D:2)
  4 ball pythons
  7 bats
  2 frilled lizards (D:2)
  8 rats
66 creatures vanquished.

Vanquished Creatures (others)
  An orc wizard (D:3)
1 creature vanquished.

Grand Total: 67 creatures vanquished

Notes
Turn   | Place    | Note
-------+----------+-------------------------------------------
     0 | D:1      | mopl the Ogre Fighter began the quest for the Orb.
     0 | D:1      | Reached XP level 1. HP: 24/24 MP: 1/1
    47 | D:1      | Reached skill level 2 in Maces & Flails
    63 | D:1      | Reached XP level 2. HP: 24/32 MP: 2/2
   586 | D:1      | Reached skill level 1 in Throwing
   659 | D:1      | Reached XP level 3. HP: 36/40 MP: 3/3
  1106 | D:2      | Found a snail-covered altar of Cheibriados.
  1111 | D:2      | Found a shimmering altar of Xom.
  1241 | D:2      | Reached skill level 3 in Maces & Flails
  1241 | D:2      | Reached XP level 4. HP: 4/49 MP: 4/4
  2159 | D:2      | Reached skill level 2 in Throwing
  2623 | D:3      | Reached XP level 5. HP: 55/55 MP: 5/5
  2646 | D:3      | Reached skill level 5 in Fighting
  2738 | D:3      | Killed from afar by an orc wizard

Levels and vault maps discovered:
D:1:      saegor_arrival_simple_b, layout_loops_corners
D:2:      kennysheep_six_static_rooms, layout_basic, minitemple,
          chequers_big_river, minmay_box_of_dots
D:3:      layout_loops_ring, gammafunk_temple_overflow_claw, grunt_qazlal_clouds

Skill      XL: |  1  2  3  4  5 |
---------------+----------------+-----
Maces & Flails | 2 3 |  3.5
Throwing       | 1 2 |  2.2
Fighting       | 5 |  5.0
Dodging        | |  2.6
Shields        | |  2.6

Action                   |  1- 3 |  4- 6 || total
-------------------------+-------+-------++-------
Melee: Flail             |   135 |    92 ||   227
  Use: Scroll            |       |     1 ||     1
       Potion            |       |     1 ||     1
 Stab: Sleeping          |     1 |     1 ||     2
  Eat: Chunk             |     1 |     5 ||     6
Armor: Robe              |    52 |    23 ||    75
Dodge: Dodged            |    64 |    23 ||    87
Block: Kite shield       |    65 |    23 ||    88

Table legend:
 A = Non-vault XP
 B = Vault XP
 C = Vault XP percentage of total XP
 D = Non-vault monster count
 E = Vault monster count
 F = Vault count percentage of total count
                 A         B        C        D         E       F
            +---------+---------+-------+---------+---------+-------
      Total |     173 |      26 |  13.1 |      57 |       9 |  13.6
            +---------+---------+-------+---------+---------+-------
        D:1 |      60 |       0 |   0.0 |      31 |       0 |   0.0
        D:2 |      78 |      26 |  25.0 |      20 |       9 |  31.0
        D:3 |      35 |       0 |   0.0 |       6 |       0 |   0.0
            +---------+---------+-------+---------+---------+-------
